Map: Ever Dream LE

Players

Has

  • Race: Protoss Protoss
  • Spawn Location: 7:00

Nice - Winner!

  • Race: Protoss Protoss
  • Spawn Location: 1:00

Event: DreamHack SC2 Masters 2020 Summer TwHkMoJp

VOD

Have the link to the VOD?

Description

Time

  • Played on: June 27, 2020, 9 a.m.
  • Length: 5:22

All games in this series

Show
View Real Time Build Order
Export as new Build Order

Has Protoss 

Build Orders: Nexus First 

Get SALT Encoding   

  12  0:00  Probe  
  13  0:12  Probe  
  14  0:18  Pylon  
  14  0:24  Probe  
  15  0:33  Probe  
  15  0:41  Probe  
  17  0:51  Probe  
  18  1:03  Nexus  
  18  1:14  Gateway  
  18  1:17  Probe  
  19  1:23  Assimilator  
  19  1:29  Probe  
  19  1:31  Assimilator  
  20  1:41  Gateway  
  20  1:43  Probe  
  21  1:55  Probe  
  22  2:01  Cybernetics Core  
  22  2:05  Pylon  
  22  2:07  Probe  
  23  2:19  Probe  
  23  2:20  Probe  
  25  2:27  Stalker x2  
  26  2:41  Shield Battery  
  29  2:46  Shield Battery  
  29  2:49  Stalker  
  29  2:57  Stalker  
  30  3:03  Warp Gate  
  30  3:05  Probe  
  33  3:13  Stalker  
  35  3:20  Shield Battery  
  35  3:27  Stalker  
  36  3:35  Probe  
  36  3:36  Probe  
  37  3:48  Probe  
  33  3:49  Probe  
  29  4:00  Probe  
  29  4:04  Probe  
  27  4:12  Probe x2  
  26  4:20  Probe  
  26  4:24  Probe  
  27  4:32  Probe  
  27  4:36  Probe  
  27  4:50  Zealot  
  27  4:51  Zealot  
  27  5:01  Probe x2  
Show
View Real Time Build Order
Export as new Build Order

Nice Protoss - Winner!

Build Orders:  

Get SALT Encoding   

  12  0:00  Probe  
  13  0:12  Probe  
  14  0:19  Pylon  
  14  0:24  Probe  
  15  0:34  Probe  
  15  0:37  Gateway  
  15  0:42  Probe  
  16  0:48  Assimilator  
  17  0:52  Probe  
  17  0:53  Assimilator  
  18  1:00  Probe  
  19  1:08  Gateway  
  19  1:09  Probe  
  20  1:19  Probe  
  20  1:25  Cybernetics Core  
  21  1:31  Probe  
  22  1:36  Pylon  
  22  1:43  Probe  
  23  1:53  Warp Gate  
  24  2:03  Stalker x2  
  27  2:12  Pylon  
  27  2:33  Adept x2  
  27  2:34  Robotics Facility  
  31  2:38  Shield Battery  
  31  3:03  Adept x2  
  35  3:11  Immortal  
  35  3:16  Pylon  
  37  3:35  Pylon  
  37  3:52  Stalker x2  
  37  3:54  Gateway  
  36  4:19  Stalker x2  
  36  4:22  Gateway  
  36  4:42  Stalker x2  
  38  4:55  Stalker  
  38  5:07  Stalker x2  
Tags
 
Add a new tag
Caveats
  • Supply blocks, unpowered buildings, or Contaminate may cause inaccurate times.
  • Supply counts are checked every 10 seconds.